[Event "Open NK Rapid 2025"]
[Site "Helmond, Netherlands"]
[Date "2025.05.03"]
[Round "3.3"]
[White "Kshirsagar, Pranav"]
[Black "Peng, Li Min"]
[Result "0-1"]
[TimeControl "15+5"]
[WhiteFideId "1084011"]
[BlackFideId "14112620"]
[WhiteElo "2049"]
[BlackElo "2510"]

1. d4 Nf6 2. c4 e6 3. Nf3 c5 4.
d5 d6 5.
Nc3 exd5 6. cxd5 g6 7. Nd2 Bg7 8. e4 O-O 9. Be2 Na6 10. O-O Nc7 11. a4 b6 12. Nc4 Re8 13. f3 Ba6 14.
Bf4 Nh5 15. Be3 Bxc4 16. Bxc4 a6 17. Qd3 Nf6 18. Rae1 Nd7 19. f4 b5 20. Ba2 c4 21. Qc2 b4 22. Ne2 b3 23. Qxc4 bxa2 24.
Ng3 Bxb2 25. Qxa2 Bg7 26. Qa3 Qe7 27. Rc1 Nxd5 28. Bd2 N5f6 29. Rfe1 Ng4 30. Rc4 Nb6 31. Rb4 a5 0-1

[Event "Open NK Rapid 2025"]
[Site "Helmond, Netherlands"]
[Date "2025.05.03"]
[Round "3.4"]
[White "Beerdsen, Thomas"]
[Black "Van Ravensteijn, Antal"]
[Result "1-0"]
[TimeControl "15+5"]
[WhiteFideId "1030108"]
[BlackFideId "1060759"]
[WhiteElo "2485"]
[BlackElo "2048"]

1. e4 d5 2. exd5 Qd7 3.
d6 Qxd6 4. Nc3 Qd8 5. d4 Nf6 6. Nf3 g6 7. Bc4 Bg7 8. Ne5 O-O 9. Bg5 Nbd7 10. O-O Nb6 11. Bb3 a5 12. a4 c6 13.
Qe2 Nbd5 14. Rfe1 Be6 15. Nd3 Qb8 16. h3 Re8 17. Nc5 Nxc3 18. bxc3 Bxb3 19. cxb3 b6 20. Nd3 Nd5 21. Bd2 c5 22.
Qf3 Qd6 23. dxc5 bxc5 24. Nb2 Nb6 25. Bg5 Qd5 26. Qxd5 Nxd5 27. Rad1 Nxc3 28. Rd7 e6 29. Nc4 h6 30. Be3 Bd4 31.
Bxh6 Nd5 32. Bd2 Nb4 33. Re4 Red8 34. Rb7 Ra6 35. Bg5 Rd5 36. Rb8+ Kg7 37. Be7 Nd3 38. Ne3 Bxe3 39. fxe3 f5 40.
Rh4 g5 41. Bxg5 Ne5 42. Bf4 Ng6 43. Rb7+ Kf6 44. Rhh7 Rd1+ 45. Kh2 e5 46. Rhf7+ Ke6 47. Bg5 Rad6 48. Rf6+ Kd5 49. Rxd6+ Kxd6 50. Rb6+ Kd5 51. Rxg6 Ke4 52. Ra6 f4 53. exf4 exf4 54.
Bxf4 1-0

[Event "Open NK Rapid 2025"]
[Site "Helmond, Netherlands"]
[Date "2025.05.03"]
[Round "3.5"]
[White "Thodam, Malte"]
[Black "Dgebuadze, Alexandre"]
[Result "0-1"]
[TimeControl "15+5"]
[WhiteFideId "24687120"]
[BlackFideId "203882"]
[WhiteElo "2044"]
[BlackElo "2454"]

1. Nf3 d6 2. d4 Nf6 3. c4 g6 4. g3 Bf5 5. Bg2 Qc8 6. Nc3 Bg7 7. O-O Bh3 8. Re1 Bxg2 9. Kxg2 Nc6 10.
e4 O-O 11. h3 Nd7 12. Be3 e5 13. d5 Nd8 14. Qd2 f5 15. Bh6 Bxh6 16. Qxh6 Nf7 17. Qd2 f4 18. b4 Qd8 19. h4 g5 20.
Rh1 a5 21. Rab1 axb4 22. Rxb4 Nc5 23. Qe2 g4 0-1

[Event "Open NK Rapid 2025"]
[Site "Helmond, Netherlands"]
[Date "2025.05.03"]
[Round "3.6"]
[White "Schneider, Ilja"]
[Black "Aarts, Joaquin"]
[Result "1-0"]
[TimeControl "15+5"]
[WhiteFideId "4663306"]
[BlackFideId "1078224"]
[WhiteElo "2438"]
[BlackElo "2027"]

1. e4 c5 2. Nc3 Nc6 3. Bb5 Nd4 4. Nf3 e6 5. O-O a6 6. Bd3 Nc6 7. Nd5 Bd6 8. Ne3 Bc7 9. Re1 Nf6 10. c3 O-O 11. Bc2 d5 12. exd5 exd5 13. d4 cxd4 14. Nxd4 Qd6 15. Nf3 Be6 16. Nf5 Qd7 17. N3d4 Nxd4 18.
Nxd4 Qd6 19. g3 Bg4 20. Qd3 h6 21. Bf4 Qd7 22. Bxc7 Qxc7 23. Re3 g6 24. Rae1 Rad8 25. Kg2 Qc8 26. Re7 Bh3+ 27. Kg1 Rd7 28.
Qf3 Kg7 29. Ne6+ Bxe6 30. R1xe6 Ne4 31. Bxe4 dxe4 32. Qxe4 Rxe7 33. Rxe7 b5 34. Kg2 Kg8 35. Qd5 h5 36. Rd7 Kg7 37. h4 Qa8 38. Rxf7+ Kh6 39. Rb7 Rf5 40.
Qd2+ 1-0

[Event "Open NK Rapid 2025"]
[Site "Helmond, Netherlands"]
[Date "2025.05.03"]
[Round "3.7"]
[White "Grooten, Tommy"]
[Black "Baselmans, Luuk"]
[Result "1/2-1/2"]
[TimeControl "15+5"]
[WhiteFideId "1068806"]
[BlackFideId "1051008"]
[WhiteElo "2027"]
[BlackElo "2405"]

1. Nf3 d5 2. c4 d4 3. g3 c5 4. Bg2 Nc6 5. O-O e5 6. d3 Nf6 7. e3 Be7 8. exd4 exd4 9. Re1 O-O 10.
Bf4 Bd6 11. Ne5 Nxe5 12. Bxe5 Bxe5 13. Rxe5 Qd6 14. Re1 Bf5 15. Qc2 Rae8 16. Nd2 Qd7 17. a3 a5 18. Nf3 Rxe1+ 19. Rxe1 Re8 20.
Rxe8+ Qxe8 21. Qd2 b6 22. h3 h6 23. b4 axb4 24. axb4 Qa4 25. bxc5 bxc5 26. Ne5 Nd7 27. Nxd7 Bxd7 28.
Kh2 Bf5 29. Qe2 Qd7 30. g4 Qd6+ 31. Kg1 Be6 32. Qe4 g6 33. f4 f5 34. gxf5 Bxf5 35. Qe8+ Kg7 36. Bd5 Qf8 37. Qe5+ Kh7 38.
Qc7+ Kh8 39. Qe5+ Qg7 40. Qe8+ Kh7 41. Be4 Bxh3 42. Qc6 Bf5 43. Qxc5 Bxe4 44. dxe4 d3 45. Qd5 Qa1+ 46. Kf2 Qb2+ 47. Kg3 d2 48. Qd7+ Kg8 49.
Qd8+ Kf7 50. Qd7+ 1/2-1/2

[Event "Open NK Rapid 2025"]
[Site "Helmond, Netherlands"]
[Date "2025.05.03"]
[Round "3.8"]
[White "Roebers, Eline"]
[Black "Husers, Yannic"]
[Result "1-0"]
[TimeControl "15+5"]
[WhiteFideId "1058401"]
[BlackFideId "1043587"]
[WhiteElo "2390"]
[BlackElo "2002"]

1. e4 e5 2. Nf3 Nc6 3. Nc3 Nf6 4. a3 d6 5. d4 exd4 6. Nxd4 Bd7 7. Bf4 Be7 8. Qd2 O-O 9. O-O-O Nh5 10. Be3 g6 11. Nd5 Ne5 12.
h3 Ng7 13. f4 Nc6 14. g4 Ne6 15. Nf3 Nc5 16. Bxc5 dxc5 17. Nxe7+ Qxe7 18. Qxd7 Qxe4 19. Bg2 Rad8 20. Qxc7 Qe3+ 21.
Kb1 Qf2 22. Rxd8 Rxd8 23. Ng5 Rf8 24. Bd5 Nd8 25. Qe5 b5 26. Ne4 Qd4 27. Qxd4 cxd4 28. Rd1 Kg7 29. Rxd4 Re8 30. b3 a5 31. b4 a4 32. Kb2 Re7 33.
c4 bxc4 34. Rxc4 Rd7 35. Nc3 Rd6 36.
b5 Kf6 37. Rxa4 Ne6 38. Ne4+ 1-0

[Event "Open NK Rapid 2025"]
[Site "Helmond, Netherlands"]
[Date "2025.05.03"]
[Round "3.9"]
[White "Klein, Ron"]
[Black "Cernov, Vadim"]
[Result "0-1"]
[TimeControl "15+5"]
[WhiteFideId "1014668"]
[BlackFideId "1210629"]
[WhiteElo "2014"]
[BlackElo "2320"]

1. d4 Nf6 2. Nf3 g6 3. Bg5 Bg7 4. e3 O-O 5. Be2 d6 6. O-O h6 7. Bh4 g5 8. Bg3 Nh5 9. c4 Nd7 10.
Nc3 Ndf6 11. Qc2 e6 12. Rab1 Qe7 13. b4 b6 14. a4 a5 15. bxa5 Rxa5 16. Nd2 Nxg3 17. hxg3 Bb7 18. Rb5 Rfa8 19.
Rfb1 Nd7 20. Bf3 Bxf3 21. Nxf3 f5 22. Rxa5 Rxa5 23. Nb5 Nf6 24. Nd2 Qf7 25. c5 dxc5 26. dxc5 Nd5 27. cxb6 cxb6 28.
Qc4 Ra8 29. e4 fxe4 30. Nxe4 Rf8 31. Nbd6 Qg6 32. Rd1 Kh7 33. Qc6 g4 34. Qc2 Kh8 35. Qc6 h5 36. Qc1 Bh6 37. Qb2+ Qg7 38.
Qxg7+ Kxg7 0-1

[Event "Open NK Rapid 2025"]
[Site "Helmond, Netherlands"]
[Date "2025.05.03"]
[Round "3.10"]
[White "Jansz, Wilfred"]
[Black "Cernov, Henrik"]
[Result "1/2-1/2"]
[TimeControl "15+5"]
[WhiteFideId "40107353"]
[BlackFideId "16258312"]
[WhiteElo "1996"]
[BlackElo "2291"]

1. e4 c5 2. Nf3 e6 3. d4 cxd4 4. Nxd4 Nf6 5. Nc3 Nc6 6. Be3 Bb4 7. Bd3 d5 8. O-O O-O 9. Nxc6 bxc6 10. e5 Nd7 11. Bf4 f6 12.
Qh5 f5 13. g4 g6 14. Qh6 Qe7 15. Ne2 c5 16. c3 Ba5 17. Bg5 Qg7 18. gxf5 gxf5 19. f4 Bb6 20. Kf2 c4+ 21. Nd4 cxd3 22.
Qxe6+ Qf7 23. Qxf7+ Rxf7 24. e6 Rg7 25. exd7 Bxd7 26.
Ke3 Bb5 27. a4 Bc4 28. Bf6 Re8+ 29. Be5 Rg6 30. Rg1 Kf7 31. Kd2 Reg8 32. Rxg6 Rxg6 33. a5 Rg2+ 34. Ke3 Bxd4+ 35. Bxd4 a6 36. b3 Bxb3 37. Kxd3 Bc4+ 38. Ke3 Rxh2 39. Rg1 Re2+ 40. Kf3 Re7 41. Rg7+ Ke8 42. Rg8+ Kd7 43. Rf8 Bd3 44. Rf6 Re6 45. Rf7+ Re7 46. Rf6 Be4+ 47.
Ke3 Re6 48. Rf7+ Re7 49. Rf6 Re6 50.
Rf7+ Re7 1/2-1/2

[Event "Open NK Rapid 2025"]
[Site "Helmond, Netherlands"]
[Date "2025.05.03"]
[Round "3.11"]
[White "Stolwijk, Colin"]
[Black "Apon, Iwahn"]
[Result "0-1"]
[TimeControl "15+5"]
[WhiteFideId "1033743"]
[BlackFideId "1056115"]
[WhiteElo "2286"]
[BlackElo "1987"]

1. e4 c5 2. Nf3 d6 3. Bb5+ Nd7 4. d4 cxd4 5. Qxd4 a6 6. Be2 Ngf6 7. c4 g6 8. Nc3 Bg7 9. h3 O-O 10.
Qd3 Nc5 11. Qc2 a5 12. Be3 Bd7 13. e5 Bf5 14. Qd1 Nfe4 15. Nxe4 Bxe4 16. exd6 Qxd6 17. Qxd6 exd6 18. O-O-O Rfd8 19.
Rd2 Rac8 20. Bd4 b5 21. Bxg7 Kxg7 22. Kd1 bxc4 23. Bxc4 d5 24. Bb5 Ne6 25. Re1 Bxf3+ 26. gxf3 Rc5 27.
Bd3 g5 28. Re5 h6 29. a3 Nf4 30. h4 Rdc8 31. Bc2 gxh4 32. Rf5 Ng6 33. Rfxd5 h3 34. Rxc5 Rxc5 35. f4 h2 36. Be4 Nxf4 37. Bh1 Rg5 38. Kc2 Rg1 39. Rd1 Nh3 40. Bf3 Nxf2 41.
Rd2 h1=Q 42. Bxh1 Nxh1 43. b4 axb4 44. axb4 Rg4 45. Kb3 Ng3 46.
b5 Ne4 47. Rd5 Rg5 48. Rd4 Rxb5+ 49. Kc4 Ra5 50. Kd3 Nf6 51. Ke2 Ra3 52. Kf2 h5 53. Kg2 Kg6 54. Rb4 Ng4 55. Rb6+ Kg5 56. Rb5+ f5 57. Rc5 h4 58. Kh1 Ra2 59. Rc4 h3 60.
Rc1 Rg2 0-1

[Event "Open NK Rapid 2025"]
[Site "Helmond, Netherlands"]
[Date "2025.05.03"]
[Round "3.12"]
[White "Den Heijer, Rolinde"]
[Black "Kuipers-Haast, Anne"]
[Result "0-1"]
[TimeControl "15+5"]
[WhiteFideId "1068300"]
[BlackFideId "1017292"]
[WhiteElo "1991"]
[BlackElo "2272"]

1. e4 c5 2. Nf3 e6 3. d4 cxd4 4. Nxd4 Nc6 5. Nc3 Qc7 6.
Be3 a6 7. Qd2 Nf6 8. f4 Bb4 9. Bd3 d5 10. e5 Ne4 11. Bxe4 dxe4 12. a3 Bxc3 13. Qxc3 Bd7 14. O-O Rc8 15.
Rad1 Ne7 16. Qe1 O-O 17. Bc1 Bc6 18. Nxc6 Qxc6 19. c3 Rcd8 20. Qe2 Nf5 21. Rfe1 Rd5 22. Be3 Rfd8 23. Rxd5 exd5 24.
Rd1 f6 25. exf6 Qxf6 26. Bf2 Qe6 27. Kh1 e3 28. Bg1 Qe4 29. Qg4 Re8 30. Re1 Qd3 31. Qf3 Re4 32. Qh5 g6 33. Qf3 d4 34. cxd4 Nxd4 35. Qg4 Nf5 36.
Qf3 Qc4 37. Bxe3 Nxe3 38. h3 Qd3 39. f5 gxf5 40. Qh5 Re6 41. Qg5+ Kf7 42. Qh4 h6 43. Qh5+ Kg7 44. Qh4 Qe4 45. Qg3+ Kf7 46. Rc1 f4 47.
Qf2 Nc4 48. Rd1 Re7 49. Rf1 f3 50. gxf3 Qf4 51. Rg1 Ne3 52. Qe2 Nf5 53. Qd3 Qe5 54. Qc4+ Qe6 55. Qg4 Ke8 56. Qh5+ Kd7 57.
Rc1 Ng3+ 0-1

[Event "Open NK Rapid 2025"]
[Site "Helmond, Netherlands"]
[Date "2025.05.03"]
[Round "3.13"]
[White "Grochal, Joey"]
[Black "Landman, Renzo"]
[Result "1-0"]
[TimeControl "15+5"]
[WhiteFideId "1019945"]
[BlackFideId "40106306"]
[WhiteElo "2261"]
[BlackElo "1975"]

1. d4 d5 2. c4 e6 3. Nc3 Nf6 4. cxd5 exd5 5. Bg5 c6 6. e3 Be6 7. Bd3 Nbd7 8. Nge2 h6 9. Bh4 g5 10.
Bg3 Nh5 11. f4 Nxg3 12. Nxg3 gxf4 13. exf4 Nb6 14. Qf3 Bg7 15. Nce2 Nc4 16. f5 Qa5+ 17. Kf2 Bd7 18. Nh5 Rg8 19.
Bxc4 dxc4 20. Qe3+ Kd8 21. g4 Re8 22. Qc3 Qxc3 23. bxc3 Bf8 24. Nf6 Re7 25. Nf4 Bg7 26. N6h5 Bf8 27.
h3 Kc7 28. d5 Re5 29. Rad1 Bc5+ 30. Kg2 Re3 31. Rc1 Re5 32. Rhd1 cxd5 33. Nxd5+ Kc8 34. Kg3 Bc6 35. Nhf6 Re2 36. Kh4 Rxa2 37. Kh5 Rh2 38. Kxh6 Rxh3+ 39. Kg7 Be3 40. Nxe3 Rxe3 41. Re1 Rg3 42. Rg1 Rd3 43. Kxf7 Kc7 44. g5 Bd5 45. Kg7 Bc6 46. g6 Rd6 47.
Rcd1 Rad8 48. Rxd6 Rxd6 49. Kf7 Bd5 50. Nxd5+ Rxd5 51. g7 Rd7 52. Ke6 Rd8 53. g8=Q 1-0

[Event "Open NK Rapid 2025"]
[Site "Helmond, Netherlands"]
[Date "2025.05.03"]
[Round "3.14"]
[White "Wolff, Christoph"]
[Black "Hilwerda, Jonas"]
[Result "0-1"]
[TimeControl "15+5"]
[WhiteFideId "4648706"]
[BlackFideId "1046713"]
[WhiteElo "1941"]
[BlackElo "2233"]

1. e4 c5 2. Nf3 Nc6 3. Nc3 Nf6 4.
d4 cxd4 5. Nxd4 e5 6. Ndb5 d6 7. a4 Bg4 8. Be2 Bxe2 9. Qxe2 Be7 10.
Bg5 a6 11. Bxf6 Bxf6 12. Na3 Nd4 13. Qd3 O-O 14. O-O Qc8 15. Nd5 Bd8 16. c3 Nb3 17. Rad1 Nc5 18. Qc2 Qc6 19. b3 Kh8 20.
Nc4 b5 21. axb5 axb5 22. Nce3 Bg5 23. f3 Ra3 24. b4 Na4 25. Nf5 Nxc3 26. Rd3 Rc8 27. Nfe7 Bxe7 28. Nxe7 Qb6+ 29. Kh1 Rc4 30.
Qb2 Ra2 31. Nd5 Qa7 32. Qb3 Ra1 33. Ne3 Rxf1+ 34. Nxf1 Qf2 35. Rd1 Nxd1 36. Qxd1 Rc2 0-1

[Event "Open NK Rapid 2025"]
[Site "Helmond, Netherlands"]
[Date "2025.05.03"]
[Round "3.15"]
[White "Grooten, Herman"]
[Black "Fransen, Jean-Paul"]
[Result "1-0"]
[TimeControl "15+5"]
[WhiteFideId "1000330"]
[BlackFideId "40101487"]
[WhiteElo "2219"]
[BlackElo "1964"]

1. d4 Nf6 2. c4 c5 3. d5 b5 4. cxb5 a6 5. b6 Qxb6 6. Nc3 d6 7. e4 g6 8. Nf3 Bg7 9. Nd2 O-O 10. Be2 Bd7 11. a4 h5 12. Nc4 Qc7 13. h3 a5 14. g4 hxg4 15.
hxg4 Ra6 16. g5 Ne8 17. Bg4 f5 18. gxf6 Nxf6 19. Bxd7 Qxd7 20. Bg5 e6 21. Qd3 exd5 22. Bxf6 dxc4 23.
Qxc4+ Qf7 24. Nd5 Bxf6 25. Nxf6+ Kg7 26. e5 dxe5 27. Rh7+ Kxf6 28. Rxf7+ Rxf7 29. O-O-O Rb6 30. Qxc5 Rc6 31. Rd6+ 1-0

[Event "Open NK Rapid 2025"]
[Site "Helmond, Netherlands"]
[Date "2025.05.03"]
[Round "3.16"]
[White "Van Batenburg, Mees"]
[Black "Kurt, Sascha"]
[Result "0-1"]
[TimeControl "15+5"]
[WhiteFideId "1078259"]
[BlackFideId "1082647"]
[WhiteElo "2217"]
[BlackElo "1953"]

1. d4 Nf6 2. Nf3 d5 3. Bf4 c5 4. e3 Nc6 5. Nbd2 e6 6.
c3 cxd4 7. exd4 Nh5 8. Be3 Bd6 9. Bb5 Bd7 10. O-O O-O 11. Re1 Nf4 12. g3 Ng6 13. h4 a6 14. Bd3 Qc7 15. Kg2 e5 16.
Bxg6 hxg6 17. dxe5 Nxe5 18. Nxe5 Bxe5 19. Nf3 Bc6 20. Nxe5 Qxe5 21. Bd4 Qf5 22. Re5 Qd7 23. h5 Rfe8 24.
hxg6 Rxe5 25. gxf7+ Qxf7 26. Bxe5 d4+ 27. Kg1 Qd5 28. Qb3 Qxb3 29. axb3 dxc3 30. bxc3 Rd8 31. Bd4 Re8 32. Kf1 Kf7 33.
Ra5 g6 34. f4 Re4 35. Kf2 Bb5 36. Be3 Re8 37. c4 Bc6 38. Bd4 Rd8 39. Ke3 Re8+ 40. Be5 Rd8 41. Ra1 Ke6 42. Bc3 Kf7 43.
Rf1 Ke6 44. Be5 Kf5 45. Ra1 Ke6 46.
Bc3 Kf7 47. Ke2 Bd7 48. Rh1 Bc6 49.
Rh7+ Ke6 50. Be5 Rd7 51. Rh8 Kf5 52. Rg8 Be4 53. c5 Kg4 54. Bd6 Rh7 55. Ke3 Bf5 56. Be5 Kxg3 57. Rxg6 Bxg6 58. f5 Kg4 59. fxg6 Re7 60. Ke4 Kg5 61. g7 Re8 62. Kd5 Kg6 63. Bd4 Kf7 64.
c6 Rd8+ 65. Kc5 bxc6 66. Bc3 Rd3 67. Ba1 Rxb3 68. Kxc6 a5 69. Kc5 a4 70. Kc4 Rb1 71. Bd4 a3 72. Kc3 a2 0-1

[Event "Open NK Rapid 2025"]
[Site "Helmond, Netherlands"]
[Date "2025.05.03"]
[Round "3.17"]
[White "Moskalets, Sofiia"]
[Black "Smeets, Kobe"]
[Result "1/2-1/2"]
[TimeControl "15+5"]
[WhiteFideId "34144293"]
[BlackFideId "1063910"]
[WhiteElo "1938"]
[BlackElo "2192"]

1. e4 c5 2. Nf3 d6 3.
d4 cxd4 4. Nxd4 Nf6 5. Nc3 Nc6 6. Bg5 Bd7 7. Qd2 a6 8. O-O-O e6 9. f4 Be7 10. Nf3 b5 11. e5 b4 12. exf6 bxc3 13. Qxc3 gxf6 14.
Bh4 Rg8 15. Bd3 a5 16. a3 Qb6 17. Bxf6 Rxg2 18. Bxe7 Kxe7 19. Be4 Rc8 20. Qd3 d5 21. Ng5 Rxg5 22. fxg5 Ne5 23. Qg3 Nc4 24.
Qc3 dxe4 25. Qf6+ Ke8 26. Qh8+ Ke7 27. Qf6+ Ke8 28. Qh8+ 1/2-1/2

[Event "Open NK Rapid 2025"]
[Site "Helmond, Netherlands"]
[Date "2025.05.03"]
[Round "3.18"]
[White "Van Roon, Sjoerd"]
[Black "Kaufmann, Thomas"]
[Result "1-0"]
[TimeControl "15+5"]
[WhiteFideId "1051075"]
[BlackFideId "1084941"]
[WhiteElo "2179"]
[BlackElo "1939"]

1. e4 c5 2. Nf3 Nc6 3.
d4 cxd4 4. Nxd4 e5 5. Nb5 d6 6. c4 Be6 7. N1c3 a6 8. Na3 g6 9. Bd3 Bg7 10. Nc2 Rc8 11. b3 Nf6 12. O-O O-O 13.
Qd2 Ne7 14. Ba3 Qc7 15. Rac1 Rfd8 16. Rfd1 Nc6 17. Nd5 Bxd5 18. cxd5 Ne7 19. Ne3 Qd7 20. Nc4 Rxc4 21. Rxc4 b5 22.
Rc2 Qg4 23. f3 Qh4 24. Qf2 Qf4 25. Bc1 Ng4 26. fxg4 1-0

[Event "Open NK Rapid 2025"]
[Site "Helmond, Netherlands"]
[Date "2025.05.03"]
[Round "3.19"]
[White "Garay, Enzo"]
[Black "Kazarjan, Gachatur"]
[Result "0-1"]
[TimeControl "15+5"]
[WhiteFideId "40104125"]
[BlackFideId "1068750"]
[WhiteElo "1933"]
[BlackElo "2155"]

1. d4 d5 2. c4 e6 3. Nf3 c5 4. cxd5 exd5 5. dxc5 Bxc5 6. e3 Nf6 7. Nc3 O-O 8. Be2 a6 9. O-O Nc6 10. a3 Bf5 11. b4 Ba7 12.
Bb2 Rc8 13. h3 Qe7 14. Nxd5 Nxd5 15. Qxd5 Be4 16. Qg5 f6 17. Qh4 Rfd8 18. Rfd1 Bb8 19. Rxd8+ Rxd8 20. Rd1 Re8 21. Bc4+ Kh8 22.
Bd3 Qd6 23. Be2 Qc7 24. g3 Qf7 25. Nh2 Qa2 26. Bxf6 Qxe2 27. Rd7 Be5 28. Rxg7 Qd1+ 29. Nf1 Bxf6 30. Qxf6 Qf3 31. Qxf3 Bxf3 32.
Rxb7 Ne5 33. Rc7 Rd8 34. Rc1 Rd3 35. a4 Kg7 36. b5 a5 37. Nh2 Rd1+ 38. Rxd1 Bxd1 39. f4 Nc4 40. e4 Bxa4 41.
Kf2 Bxb5 42. Ke1 a4 43. Kd1 a3 44. Kc2 a2 0-1

[Event "Open NK Rapid 2025"]
[Site "Helmond, Netherlands"]
[Date "2025.05.03"]
[Round "3.20"]
[White "Labruyere, Roger"]
[Black "Frederiks, Jesse"]
[Result "1-0"]
[TimeControl "15+5"]
[WhiteFideId "1059505"]
[BlackFideId "1095790"]
[WhiteElo "2117"]
[BlackElo "1937"]

1. e4 e5 2. Nf3 Nc6 3. Bb5 a6 4. Ba4 Nf6 5. O-O Be7 6. Re1 b5 7. Bb3 O-O 8. a4 b4 9. a5 Bb7 10. d4 Nxd4 11. Nxd4 exd4 12. e5 Ne4 13. Qg4 d5 14.
Bh6 Bg5 15. Rxe4 Bxh6 16. Rxd4 c5 17. Rd1 Qe7 18. Nd2 Bxd2 19. Rxd2 c4 20. Ba4 Qxe5 21. Rd4 Bc8 22. Qd1 Be6 23. Qd2 Rfd8 24. Rd1 Qf6 25. Qxb4 Rab8 26.
Qc3 h6 27. h3 Qe7 28. Bc6 Qc5 29. Ba4 Rb4 30. b3 Rdb8 31. Bd7 Qxa5 32. Bxe6 fxe6 33. bxc4 dxc4 34. Rd7 Qg5 35. R1d4 Rb1+ 36. Kh2 Qe5+ 37. f4 Qe1 38. Rxg7+ Kh8 39. Qxe1 Rxe1 40. Ra7 Rc8 41.
Rxa6 Re2 42. Rdd6 Re8 43. Kg3 Rxc2 44. Rxe6 Rg8+ 45. Rg6 Rxg6+ 46. Rxg6 Kh7 47. Rc6 Rc1 48. Kg4 Kg7 49. Kh5 Rc2 1-0

[Event "Open NK Rapid 2025"]
[Site "Helmond, Netherlands"]
[Date "2025.05.03"]
[Round "3.21"]
[White "Meulmeester, Luuk"]
[Black "Margaryan, Artur"]
[Result "0-1"]
[TimeControl "15+5"]
[WhiteFideId "40111776"]
[BlackFideId "13304348"]
[WhiteElo "1929"]
[BlackElo "2100"]

1. Nf3 c5 2. c4 b6 3. g3 Bb7 4.
Bg2 e6 5. Nc3 a6 6. e3 d6 7. b3 Nf6 8. Bb2 Be7 9. O-O Nbd7 10. d4 O-O 11. Qe2 Qc7 12. Rfd1 Rfe8 13. Rac1 Rac8 14. e4 cxd4 15. Nxd4 Qb8 16. h3 Bf8 17. f4 Nc5 18. b4 Ncd7 19.
b5 e5 20. bxa6 Bxa6 21. Ndb5 exf4 22. gxf4 Nc5 23. Ba3 Bb7 24. Bxc5 Rxc5 25. Na4 Nxe4 26. Nxc5 dxc5 27. Bxe4 Rxe4 28.
Qd2 Rxf4 29. Rc3 Qe5 30. Re1 Qg5+ 31. Kh2 Qh4 32. Rg3 g6 33. Re8 Qf6 34. Re2 Bc6 35. Nc3 Rxc4 36. Rf2 Qd6 37. Qc2 Bg7 38. Qb3 b5 39.
Nxb5 Qd5 40. Qc3 Bf8 0-1

[Event "Open NK Rapid 2025"]
[Site "Helmond, Netherlands"]
[Date "2025.05.03"]
[Round "3.22"]
[White "Kools, Thomas"]
[Black "Leenen, Boyd"]
[Result "1/2-1/2"]
[TimeControl "15+5"]
[WhiteFideId "1054759"]
[BlackFideId "1083937"]
[WhiteElo "2094"]
[BlackElo "1931"]

1. e4 e5 2. Nf3 Nc6 3.
Bc4 Nf6 4. d3 d5 5. exd5 Nxd5 6. O-O Be7 7. Re1 f6 8. d4 Nb6 9. Bb5 Bg4 10. h3 Bh5 11. g4 Bg6 12. c3 O-O 13.
Bxc6 bxc6 14. dxe5 Qxd1 15. Rxd1 Be4 16. exf6 Bxf6 17. Ng5 Bd5 18. f4 h6 19. Rxd5 hxg5 20. Rd1 gxf4 21. Nd2 Rad8 22.
Rf1 Nd5 23. Nc4 Bh4 24. Bd2 g5 25.
Rad1 Nb6 26. Ne5 Rfe8 27. Nf3 Re2 28. Bc1 Rxd1 29. Rxd1 Bg3 30. Nxg5 Na4 31. Rf1 Re1 32. Rxe1 Bxe1 33. Bxf4 Nxb2 34. Be5 Na4 35. Ne4 Kf7 36.
Kf1 Bh4 37. Bxc7 Ke6 38. Ke2 Kd5 39. Kd3 Nb2+ 40. Kc2 Nc4 41. Nd2 Ne3+ 42. Kd3 Nd1 43. Nf3 Bf6 44. c4+ Ke6 45. g5 Bh8 46. h4 1/2-1/2

[Event "Open NK Rapid 2025"]
[Site "Helmond, Netherlands"]
[Date "2025.05.03"]
[Round "3.23"]
[White "Uddin, Ahnaf Tajwar"]
[Black "Madularea, David"]
[Result "1/2-1/2"]
[TimeControl "15+5"]
[WhiteFideId "1050842"]
[BlackFideId "1070215"]
[WhiteElo "2081"]
[BlackElo "1921"]

1. b3 e5 2. Bb2 d6 3.
e3 Nf6 4. Nf3 g6 5. d4 exd4 6.
Nxd4 Bg7 7. c4 O-O 8. Nc3 Re8 9. Be2 Nc6 10. O-O Nxd4 11.
exd4 Bf5 12. Bf3 c6 13. Qd2 d5 14. Rfe1 Qd7 15. cxd5 cxd5 16. Re5 Ne4 17. Bxe4 dxe4 18. Rxe8+ Rxe8 19.
Nd1 Rd8 20. Ne3 Bxd4 21. Bxd4 Qxd4 22. Qxd4 Rxd4 23. Rd1 Rxd1+ 24. Nxd1 Be6 25. Kf1 f5 26. Ke2 Kf7 27. Ke3 Ke7 28.
Kd4 Kd6 29. g3 b5 30. Ne3 a5 31. Nc2 g5 32. Ne3 f4 33. gxf4 gxf4 34. Ng2 e3 35. f3 e2 36. Kd3 a4 37.
Kxe2 a3 38. Ne1 Bf5 39. Nd3 Kd5 40. Nxf4+ Kd4 41. Kd2 Bb1 42. Ne2+ Kc5 43. Nc3 Bf5 44. Ke3 Bc2 45. Kd2 Bf5 46. Ke3 1/2-1/2

[Event "Open NK Rapid 2025"]
[Site "Helmond, Netherlands"]
[Date "2025.05.03"]
[Round "3.24"]
[White "Nies, Levi"]
[Black "Taams, Lisanne"]
[Result "0-1"]
[TimeControl "15+5"]
[WhiteFideId "1061275"]
[BlackFideId "1055852"]
[WhiteElo "1828"]
[BlackElo "2078"]

1. e4 e6 2. e5 d5 3. exd6 cxd6 4. d4 Nf6 5. Nf3 Be7 6. Bd3 b6 7. c3 Bb7 8. Bf4 Nbd7 9. Nbd2 Rc8 10.
Qe2 Nd5 11. Bg3 N7f6 12. Ne4 Qd7 13. a4 O-O 14. O-O Nh5 15. Nfg5 Nhf4 16. Qd2 Nxd3 17. Qxd3 f5 18. a5 fxe4 19.
Nxe4 Qc6 20. f3 b5 21. Rfe1 Ba6 22.
Nf2 Nc7 23. Qe3 Rce8 24. Rad1 Bf6 25. Qf4 e5 26. dxe5 Bxe5 27. Qd2 Bxg3 28. hxg3 Rxe1+ 29. Rxe1 Re8 30. Rxe8+ Nxe8 31. Ne4 d5 32.
Ng5 h6 33. Nh3 Nf6 34. Nf4 Bc8 35.
Qe3 Qc7 36. b4 a6 37. Qd4 Qd6 38. Kh2 Bf5 39. g4 g5 40. g3 gxf4 41. gxf5 fxg3+ 42. Kg2 Qe7 43. Qb6 Qe2+ 44. Kxg3 Qe1+ 45. Kg2 Qd2+ 46. Kh3 Qg5 47.
Qxa6 Qxf5+ 48. Kg2 Qg5+ 49. Kf2 Qd2+ 50. Kf1 Qxc3 51. Qxb5 Qxf3+ 52. Ke1 Qe4+ 53. Kd2 Qd4+ 54. Kc2 Ne4 55. Qe8+ Kg7 56. Qd7+ Kg6 57. Qc6+ Nf6 58. a6 Qxb4 59. a7 Qe4+ 60. Kd2 0-1

[Event "Open NK Rapid 2025"]
[Site "Helmond, Netherlands"]
[Date "2025.05.03"]
[Round "3.25"]
[White "Becx, Cesar"]
[Black "Rogozyanskiy, Alexander"]
[Result "1/2-1/2"]
[TimeControl "15+5"]
[WhiteFideId "1001183"]
[BlackFideId "1092138"]
[WhiteElo "2075"]
[BlackElo "1726"]

1. f4 d5 2. Nf3 Nf6 3. g3 g6 4.
Bg2 Bg7 5. O-O b6 6. d3 Bb7 7.
Ne5 c5 8. c4 Nbd7 9. Nc3 O-O 10. Qa4 e6 11. Nxd7 Qxd7 12. Qxd7 Nxd7 13. cxd5 Bxc3 14. bxc3 exd5 15. Bd2 Rfe8 16.
Rae1 Rab8 17. f5 d4 18. Bh3 Ne5 19. cxd4 cxd4 20. Rc1 Nc6 21. fxg6 hxg6 22. Bd7 Rxe2 23. Bf4 Ne5 24. Bxe5 Rxe5 25. Rc7 Re7 26. Rfc1 Ba6 27.
Rxa7 Bxd3 28. Ra3 Rxd7 29. Rxd3 Ra8 30. Rc2 Kg7 31. Rcd2 Ra4 32. Rb2 b5 33. Kf2 Kf6 34. Ke1 b4 35. Kd1 Ra3 36. Rxa3 bxa3 37. Rb3 Kg5 38.
Rxa3 Kg4 39. h4 f5 40. Kd2 d3 41. Rxd3 Rxd3+ 42. Kxd3 Kxg3 43. Ke2 Kg2 44. Ke3 Kg3 45. Ke4 1/2-1/2

[Event "Open NK Rapid 2025"]
[Site "Helmond, Netherlands"]
[Date "2025.05.03"]
[Round "4.1"]
[White "Fridman, Daniel"]
[Black "Grooten, Herman"]
[Result "1-0"]
[TimeControl "15+5"]
[WhiteFideId "11600454"]
[BlackFideId "1000330"]
[WhiteElo "2539"]
[BlackElo "2219"]

1. Nf3 Nf6 2. c4 e6 3. g3 b6 4. Bg2 Bb7 5. O-O c5 6. Nc3 Be7 7. Re1 a6 8. e4 d6 9. d4 cxd4 10. Nxd4 Qc7 11. Be3 O-O 12.
Rc1 Nbd7 13. f4 Rfe8 14. Bf2 h5 15. h3 Bf8 16. Bf3 g6 17. Kg2 Rac8 18. b3 Qb8 19. e5 dxe5 20. fxe5 Nh7 21.
Bxb7 Qxb7+ 22. Qf3 Qc7 23. Qf4 Bg7 24. Nf3 Nc5 25. Bxc5 bxc5 26. Ne4 Red8 27. Nd6 Bxe5 28. Qxf7+ Qxf7 29.
Nxf7 Kxf7 30. Nxe5+ Kg7 31.
Rc2 Rd6 32. Rf2 Rf8 33. Ref1 Rf5 34. Nf3 g5 35. Re2 g4 36. hxg4 hxg4 37. Nh2 Rxf1 38. Nxf1 Nf6 39. Re5 Rd3 40.
Kf2 Kf7 41. Ke2 Rc3 42. Ne3 Rc1 43. Rxc5 Ne4 44. Rc7+ Kg6 45. Nxg4 Nxg3+ 46. Kf3 Rc3+ 47. Kf4 Ne2+ 48. Ke4 Rc2 49.
Ne5+ Kf6 50. Rf7+ Kg5 51. a4 Rb2 52. Nf3+ Kg6 53. Rb7 a5 54. c5 Kf6 55. c6 Nc3+ 56. Kd3 Nd5 57. Nd4 e5 58. Rb5 Nc7 59. Rb7 Nd5 60. c7 Nxc7 61. Rxc7 exd4 62. Rb7 Ke5 63. Rb5+ Kd6 64. Kxd4 Rb1 65. Kd3 Kc6 66.
Kc2 Rh1 67. Rxa5 Rh2+ 68. Kc3 Rh3+ 69. Kb4 Rh4+ 70. Ka3 Kb6 71. Rb5+ Ka6 72. Rb4 Rh1 73. Rg4 Ka5 74. Rd4 Rh3 75. Rd5+ Ka6 76. a5 1-0